 Dungeon Crawl Stone Soup version 0.25-a0-1132-g9d38388ac0 (webtiles) character file.

Game seed: 14932558339966765890, levelgen mode: deterministic

7900 Nixze the Geomancer (level 11, -10/94 HPs)
             Began as a White Draconian Earth Elementalist on May 19, 2020.
             Was a Priest of Vehumet.
             Killed from afar by Nergalle (33 damage)
             ... with a bolt of negative energy
             ... on level 8 of the Dungeon on May 20, 2020.
             The game lasted 00:32:20 (15077 turns).

Nixze the Geomancer (DrEE)                         Turns: 15077, Time: 00:32:21

Health: -10/94     AC:  9    Str: 11    XL:     11   Next: 2%
Magic:  6/30       EV: 13    Int: 18    God:    Vehumet [***...]
Gold:   707        SH:  5    Dex: 12    Spells: 9/24 levels left

rFire    . . .     SeeInvis .   O - +3 dagger (vorpal)
rCold    + . .     Gourm    .   (no shield)
rNeg     . . .     Faith    .   (armour unavailable)
rPois    .         Spirit   .   (helmet restricted)
rElec    .         Reflect  +   o - +1 cloak
rCorr    .         Harm     .   (no gloves)
MR       +....                  (no boots)
Stlth    +.........             L - amulet of reflection
HPRegen  0.25/turn              l - ring of protection from magic
MPRegen  0.22/turn              r - ring of magical power

@: very slightly contaminated, very heavily drained
A: breathe frost, unfitting armour, cold resistance 1, cold-blooded, AC +7
a: Breathe Frost, Renounce Religion


You were on level 8 of the Dungeon.
You worshipped Vehumet.
Vehumet was most pleased with you.
You were not hungry.

You visited 2 branches of the dungeon, and saw 11 of its levels.

You collected 1192 gold pieces.
You spent 485 gold pieces at shops.

Inventory:

Hand Weapons
 f - a +0 dagger
 O - a +3 vorpal dagger (weapon)
Missiles
 b - 257 stones (quivered)
 g - 20 poisoned darts
 p - 7 javelins
 A - 15 boomerangs
Armour
 o - a +1 cloak (worn)
Jewellery
 i - an uncursed ring of resist corrosion
 l - a ring of protection from magic (left hand)
 r - a ring of magical power (right hand)
 y - an uncursed amulet of magic regeneration
 z - an uncursed ring of see invisible
 B - an uncursed ring of poison resistance
 L - an amulet of reflection (around neck)
 N - the amulet "Xasodom" {Spirit rElec rC+ Str-5}
   (You found it on level 9 of the Dungeon)

   [amulet of guardian spirit]

   It causes incoming damage to be split between your health and magic.
   It affects your strength (-5).
   It protects you from cold.
   It insulates you from electricity.
 T - a +4 ring of protection
Wands
 j - a wand of random effects (11)
 s - a wand of flame (43)
 x - a wand of disintegration (6)
 U - a wand of paralysis (10)
Scrolls
 d - 4 scrolls of identify
 e - 2 scrolls of blinking
 n - a scroll of enchant weapon
 w - 3 scrolls of teleportation
 E - a scroll of enchant armour
 G - 5 scrolls of remove curse
 K - 2 scrolls of amnesia
Potions
 a - 5 potions of curing
 h - a potion of heal wounds
 k - 2 potions of cancellation
 m - 2 potions of mutation
 q - 3 potions of lignification
 t - 3 potions of brilliance
 u - a potion of magic {unknown}
 v - 2 potions of stabbing
 C - a potion of might {unknown}
 H - a potion of haste {unknown}
 J - a potion of invisibility {unknown}
 M - 2 potions of berserk rage {unknown}
 P - a potion of resistance {unknown}
 Q - a potion of flight {unknown}
Comestibles
 c - 18 rations


   Skills:
 + Level 8.1(4.4) Fighting
 + Level 7.0(3.4) Dodging
 - Level 1.7(0.0) Stealth
 + Level 7.1(3.5) Spellcasting
 + Level 7.3(3.7) Conjurations
 - Level 1.0(0.0) Transmutations
 + Level 9.1(5.3) Earth Magic


You had 9 spell levels left.
You knew the following spells:

 Your Spells              Type           Power        Failure   Level  Hunger
a - Sandblast             Erth           ###...       1%          1    None
b - Passwall              Tmut/Erth      ##......     8%          2    ##.....
c - Stone Arrow           Conj/Erth      ###...       1%          3    ###....
d - Petrify               Tmut/Erth      ##......     45%         4    ####...
e - Lee's Rapid Deconstr  Erth           ###.......   13%         5    ######.

Your spell library contained the following spells:

 Spells                   Type           Power        Failure   Level  Hunger
 Static Discharge         Conj/Air       #.......     6%          3    ###....
 Inner Flame              Hex/Fire       #.......     13%         3    ###....
 Corona                   Hex            #......      16%         1    None
 Slow                     Hex            #.......     24%         2    ##.....
 Portal Projectile        Hex/Tloc       #.....       43%         3    ###....
 Leda's Liquefaction      Hex/Erth       ##........   45%         4    ####...
 Cause Fear               Hex            #.........   83%         4    ####...


Dungeon Overview and Level Annotations

Branches:
Dungeon (10/15)            Temple (0/1) D:7            Lair (1/6) D:8
    Orc (0/2) D:10

Altars:
Ashenzari
Cheibriados
Fedhas
Gozag
Hepliaklqana
Kikubaaqudgha
Makhleb
Okawaru
Trog
Vehumet
Wu Jian
Xom
The Shining One

Shops:
D:8 *   D:9 [   D:10 !

Annotations:
D:3 Gold + Ration dig
D:8 Nergalle


Innate Abilities, Weirdness & Mutations

You can breathe waves of freezing cold.
You can buffet flying creatures when you breathe cold.
Your icy white scales are hard. (AC +7)
You cannot fit into any form of body armour.
Your flesh is cold resistant. (rC+)
You are cold-blooded and may be slowed by cold attacks.


Message History

Aiming: Sandblast (safe; 1% risk of failure)
Press: ? - help, Shift-Dir - straight line, f/p - Nergalle
Aim: Nergalle, wielding a +0 dagger and wearing a +0 robe (almost dead)
The blast of sand hits Nergalle but does no damage.
Nergalle is almost dead.
b - 258 stones Nergalle hits you but does no damage.
The spectral orc warrior hits you but does no damage.
The spectral orc closely misses you.
Casting: Sandblast (safe; 1% risk of failure)
Confirm with . or Enter, or press ? or * to list all spells.
Aiming: Sandblast (safe; 1% risk of failure)
Press: ? - help, Shift-Dir - straight line, f/p - Nergalle
Aim: Nergalle, wielding a +0 dagger and wearing a +0 robe (almost dead)
The blast of sand hits Nergalle.
Nergalle is almost dead.
b - 257 stones Nergalle points at you and mumbles some strange words.
The bolt of negative energy hits you!!
You feel drained.
You die...

#.....#..........##...[#.# #
#.....#..........##.#..#.####
#............................
#.#....................#.....
#.#(..####.....####.#..#...#.
###...##.........##.#..#.....
##..#..P.....P..#..........
##....P...ZZ..P.....####.##
###........o@.........##.....
##..................#.(#.^....
#......#...........##..#......
#...#####.........####....._..
#...# #####.....######.#......
##'####........#.#.....#......
#.#.###.##.##.........##.....
#.#........####.#.....####.##
#.......##.# #.#####........


You could see Nergalle, a spectral orc (summoned) and a spectral orc warrior
(summoned).

Vanquished Creatures
  An elephant (D:8)
  Maggie (D:9)
  A troll (D:9)
  5 hippogriffs
  4 hogs (D:7)
  2 basilisks (D:8)
  Eustachio (D:4)
  A human (D:7)
  2 vampire mosquitoes (D:10)
  2 water moccasins
  8 orc warriors
  2 ice beasts
  An ogre (D:5)
  3 sky beasts
  2 black bears
  A necrophage (D:9)
  4 centaurs
  Blork the orc (D:4)
  5 bullfrogs
  A water moccasin skeleton (D:9)
  5 killer bees (D:9)
  5 wights (D:6)
  4 howler monkeys
  2 electric eels (D:10)
  4 crimson imps
  A quasit (D:8)
  2 jellies
  2 bullfrog skeletons
  A centaur skeleton (D:6)
  3 orc priests
  2 hounds
  A centaur zombie (D:9)
  3 iguanas
  13 orc wizards
  7 worker ants
  A worker ant zombie (D:7)
  Robin (D:3)
  8 adders
  4 gnolls (D:4)
  A shadow imp (D:5)
  An ooze (D:1)
  2 worms
  2 dart slugs
  9 leopard geckos
  38 orcs
  5 bats
  4 giant cockroaches
  8 goblins
  13 hobgoblins
  4 jackals
  6 quokkas
  4 ball pythons
  5 frilled lizards
  11 kobolds
  4 rats
234 creatures vanquished.

Vanquished Creatures (collateral kills)
  A black mamba (Lair:1)
  A bullfrog (Lair:1)
2 creatures vanquished.

Vanquished Creatures (others)
  13 bushes (Lair:1)
13 creatures vanquished.

Grand Total: 249 creatures vanquished

Notes
Turn   | Place    | Note
-------+----------+-------------------------------------------
     0 | D:1      | Nixze the Draconian Earth Elementalist began the quest for
                  | the Orb.
     0 | D:1      | Reached XP level 1. HP: 14/14 MP: 3/3
   310 | D:1      | Reached XP level 2. HP: 20/20 MP: 5/5
   673 | D:1      | Reached skill level 4 in Earth Magic
  1081 | D:1      | Reached XP level 3. HP: 13/26 MP: 3/6
  2367 | D:2      | Learned a level 2 spell: Passwall
  2371 | D:2      | Learned a level 3 spell: Stone Arrow
  2371 | D:2      | Upgraded the game from 0.25-a0-1126-g5fd7b56c60 to
                  | 0.25-a0-1132-g9d38388ac0
  2755 | D:3      | Reached XP level 4. HP: 31/33 MP: 7/7
  2790 | D:3      | Reached skill level 5 in Earth Magic
  2902 | D:3      | Noticed Robin
  3112 | D:3      | Killed Robin
  3792 | D:3      | Found a shimmering altar of Xom.
  3794 | D:3      | Found a glowing silver altar of Zin.
  3794 | D:3      | Found a burning altar of Makhleb.
  3796 | D:3      | Found a shimmering altar of Xom.
  3796 | D:3      | Found a bloodstained altar of Trog.
  3796 | D:3      | Found a blossoming altar of Fedhas.
  3881 | D:4      | Reached skill level 1 in Fighting
  3902 | D:4      | Noticed Blork the orc
  3909 | D:4      | Killed Blork the orc
  3909 | D:4      | Reached skill level 1 in Conjurations
  3909 | D:4      | Reached XP level 5. HP: 28/40 MP: 8/8
  4555 | D:4      | Reached XP level 6. HP: 48/48 MP: 9/9
  5084 | D:4      | Noticed Eustachio
  5092 | D:4      | Killed Eustachio
  5203 | D:4      | Learned a level 4 spell: Petrify
  5216 | D:4      | Found a hazy altar of Hepliaklqana.
  5412 | D:5      | Entered Level 5 of the Dungeon
  5412 | D:5      | Found an ancient bone altar of Kikubaaqudgha.
  5527 | D:5      | Your scales start taking on an icy white colour.
  5527 | D:5      | Reached XP level 7. HP: 25/56 MP: 5/11
  5527 | D:5      | Gained mutation: Your flesh is cold resistant. (rC+) [White
                  | Draconian growth]
  5826 | D:5      | Found a radiant altar of Vehumet.
  5836 | D:5      | Became a worshipper of Vehumet
  5982 | D:5      | Found a burning altar of Makhleb.
  7102 | D:5      | Reached skill level 6 in Earth Magic
  7218 | D:5      | Reached * piety under Vehumet
  7218 | D:5      | Offered knowledge of Magic Dart by Vehumet.
  7299 | D:5      | Reached XP level 8. HP: 25/66 MP: 13/13
  8318 | D:7      | Found a staircase to the Ecumenical Temple.
  8362 | D:7      | Found a glowing golden altar of the Shining One.
  8362 | D:7      | Found an ornate altar of the Wu Jian Council.
  8384 | D:7      | Found a shattered altar of Ashenzari.
  8438 | D:7      | Noticed a hippogriff
  8448 | D:7      | Killed a hippogriff
  8448 | D:7      | Reached skill level 5 in Fighting
  8448 | D:7      | Reached skill level 7 in Earth Magic
  8563 | D:7      | Reached XP level 9. HP: 65/74 MP: 14/16
  8711 | D:7      | Reached skill level 5 in Spellcasting
  8715 | D:7      | Reached skill level 5 in Dodging
  8759 | D:7      | Reached skill level 5 in Conjurations
  8821 | D:7      | Reached ** piety under Vehumet
  8821 | D:7      | Offered knowledge of Shock by Vehumet.
  9274 | D:7      | Reached skill level 8 in Earth Magic
  9695 | D:8      | Learned a level 5 spell: Lee's Rapid Deconstruction
  9725 | D:8      | Found Ital's Assorted Antiques.
  9761 | D:8      | Reached XP level 10. HP: 84/84 MP: 10/18
  9898 | D:8      | Found an opulent altar of Gozag.
  9949 | D:8      | Found a staircase to the Lair.
  9949 | D:8      | Noticed an elephant
 10565 | D:8      | Found a bloodstained altar of Trog.
 10566 | D:8      | Found an iron altar of Okawaru.
 10693 | D:8      | Killed an elephant
 10843 | D:8      | Found a snail-covered altar of Cheibriados.
 11088 | D:9      | Found Mousobuf's Antique Armour Emporium.
 11101 | D:9      | Noticed Maggie
 11127 | D:9      | Killed Maggie
 11393 | D:9      | Offered knowledge of Dazzling Flash by Vehumet.
 11514 | D:9      | Found an ancient bone altar of Kikubaaqudgha.
 12119 | D:9      | Got a sparkling golden amulet
 12501 | D:9      | Reached *** piety under Vehumet
 12682 | D:10     | Entered Level 10 of the Dungeon
 12752 | D:8      | Bought a metal-bound book for 420 gold pieces
 12811 | D:10     | Found a hazy altar of Hepliaklqana.
 13484 | D:10     | Offered knowledge of Static Discharge by Vehumet.
 13484 | D:10     | Reached skill level 9 in Earth Magic
 13635 | D:10     | Found Badoahoq's Distillery.
 13650 | D:10     | Bought a potion of heal wounds for 65 gold pieces
 14219 | D:10     | Found a staircase to the Orcish Mines.
 14475 | Lair:1   | Entered Level 1 of the Lair of Beasts
 14480 | Lair:1   | Identified a scroll of acquirement
 14500 | Lair:1   | Noticed a black mamba
 14500 | Lair:1   | Noticed Nergalle
 14504 | Lair:1   | Killed a black mamba
 14504 | Lair:1   | Reached XP level 11. HP: 94/94 MP: 21/21
 14711 | D:8      | Identified the amulet "Xasodom" {Spirit rElec rC+ Str-5}
                  | (You found it on level 9 of the Dungeon)
 15077 | D:8      | Killed from afar by Nergalle

Illustrated notes

Levels and vault maps discovered:
D:1:      psy_arrival_terrarium, layout_loops_ring
D:2:      layout_rooms
D:3:      layout_loops_cross, doesnt_xom_only_xom, serial_glass,
          glass_columns_a, glass_columns_c, feat_on_display,
          due_unseen_surprise, minmay_strange_pillars, first_ration, uniq_robin
D:4:      layout_loops_ring, lemuel_round_altar, uniq_eustachio,
          uniq_blork_the_orc
D:5:      layout_basic, vehumet_altar_wand_db, makhleb_heckhound_becter,
          basic_altar
D:6:      layout_cave_pools, st_stairs_12, roderic_roman_lattice,
          minmay_misc_feat_five
D:7:      layout_basic, gammafunk_temple_overflow_statue,
          evilmike_ruin_ashenzari, minmay_temple_entry_statues, minivault_5,
          kennysheep_nondescript, grunt_livestock
D:8:      layout_basic, grunt_temple_overflow_bloody_war, old_standard_altar,
          lemuel_doored_altar, david_lair_generic, serial_shops,
          kennysheep_mini_moat, st_stairs_4
D:9:      layout_basic, kiku_gazebo_garden_becter, serial_shops, shop_fountains,
          uniq_maggie
D:10:     layout_irregular_city, erik_orc_2, serial_shops,
          nicolae_shop_behind_doors, basic_altar, minmay_misc_feat_alley,
          minmay_misc_feat_plants
Lair:1:   layout_layer_cave, gauntlet_entry_generic, grunt_forest_stairs_basic,
          minmay_hedge_maze, uniq_nergalle

Skill      XL: |  1  2  3  4  5  6  7  8  9 10 |
---------------+-------------------------------+-----
Earth Magic    | 4 5 6 7 8 9 |  9.1
Dodging        | 2 3 4 5 7 |  7.0
Fighting       | 1 2 3 5 6 8 |  8.1
Conjurations   | 1 2 3 4 6 7 |  7.3
Spellcasting   | 3 4 5 7 |  7.1
Stealth        | |  1.7
Transmutations | |  1.0

Action                   |  1- 3 |  4- 6 |  7- 9 | 10-12 || total
-------------------------+-------+-------+-------+-------++-------
Melee: Club              |    16 |       |       |       ||    16
       Unarmed           |    11 |       |       |       ||    11
       Dagger            |   187 |    56 |    17 |    17 ||   277
       Tailslap          |    17 |     7 |     2 |     5 ||    31
 Cast: Sandblast         |    20 |    45 |    42 |    84 ||   191
       Stone Arrow       |       |    23 |   142 |   124 ||   289
       Lee's Rapid Decon |       |       |       |    11 ||    11
       Passwall          |       |       |       |     1 ||     1
 Abil: Breathe Frost     |       |       |     1 |     1 ||     2
Evoke: Wand              |       |       |       |     5 ||     5
  Use: Scroll            |       |    13 |     2 |     6 ||    21
       Potion            |       |       |       |     2 ||     2
 Stab: Sleeping          |     2 |     1 |       |       ||     3
  Eat: Chunk             |     6 |     7 |    18 |    16 ||    47
       Ration            |       |     1 |     2 |     3 ||     6
Armor: Skin              |    50 |    22 |    44 |    47 ||   163
Dodge: Dodged            |   133 |    47 |    87 |   100 ||   367
Block: Other             |       |       |     3 |    37 ||    40
       Reflection        |       |       |       |     3 ||     3

Table legend:
 A = Non-vault XP
 B = Vault XP
 C = Vault XP percentage of total XP
 D = Non-vault monster count
 E = Vault monster count
 F = Vault count percentage of total count
                 A         B        C        D         E       F
            +---------+---------+-------+---------+---------+-------
      Total |    7256 |    4031 |  35.7 |     191 |      45 |  19.1
            +---------+---------+-------+---------+---------+-------
        D:1 |      71 |       0 |   0.0 |      30 |       0 |   0.0
        D:2 |      24 |       2 |   7.7 |      14 |       1 |   6.7
        D:3 |      34 |      25 |  42.4 |      11 |       6 |  35.3
        D:4 |     250 |     287 |  53.4 |      18 |       2 |  10.0
        D:5 |     469 |      42 |   8.2 |      18 |       2 |  10.0
        D:6 |     919 |     129 |  12.3 |      26 |       1 |   3.7
        D:7 |    1886 |     990 |  34.4 |      24 |       5 |  17.2
        D:8 |     694 |    1413 |  67.1 |       7 |       7 |  50.0
        D:9 |    1362 |     370 |  21.4 |      24 |       1 |   4.0
       D:10 |    1138 |     773 |  40.5 |      17 |      20 |  54.1
     Lair:1 |     409 |       0 |   0.0 |       2 |       0 |   0.0
            +---------+---------+-------+---------+---------+-------
